AoeStats
← El dengue

Arabia

510200160Analyzed
1v1 RM · 3d ago on Sep 29, 2026· 49m 48s· 2 players
Game mode
Random Map
Map size
Tiny (2 player)
Population
200
Speed
Normal
Resources
Standard
Victory
Conquest
Starting age
Dark Age
Ending age
Imperial Age
RankedLock teamsTeams togetherTeam positionsShared explorationLock speedFull tech treeHidden civsTurbo modeCheats
Victory
Defeat
🇦🇷 Mongols · Argentina
942
+15
🇦🇷 Portuguese · Argentina
910
-15
El dengue
10:34 Feudal Age
11:07 Double-Bit Axe
22:08 Castle Age
19:55 Loom
20:37 Fletching
21:37 Forging
22:31 Scale Mail Armor
22:13 Crossbowman
23:06 Thumb Ring
23:16 Thumb Ring
23:33 Pikeman
30:30 Bodkin Arrow
32:24 Bow Saw
40:58 Imperial Age
38:39 Light Cavalry
42:22 Ballistics
43:16 Elite Skirmisher
44:16 Padded Archer Armor
44:17 Bracer
46:50 Chemistry
46:45 Leather Archer Armor
48:01 Halberdier
danigomezrinaldi
4:50 Loom
12:01 Feudal Age
17:28 Castle Age
15:41 Double-Bit Axe
17:16 Horse Collar
19:08 Bow Saw
20:04 Heavy Plow
21:16 Gold Mining
22:16 Wheelbarrow
24:13 Stone Mining
24:55 Elite Skirmisher
26:01 Padded Archer Armor
25:51 Fletching
31:39 Hand Cart
36:05 Imperial Age
35:45 Stone Shaft Mining
35:53 Leather Archer Armor
40:35 Elite Mangudai
41:36 Conscription
42:20 Thumb Ring
42:32 Bodkin Arrow
44:35 Chemistry
44:26 Light Cavalry
45:17 Bloodlines
45:08 Husbandry
45:11 Hussar
46:37 Bracer
46:43 Scale Barding Armor
46:49 Forging
47:18 Town Watch
48:08 Ballistics
48:39 Chain Barding Armor
48:31 Forging
Connection lost

Rejoining the realm…

Still unreachable

The connection could not be restored.

Session expired

The server has moved on; the page needs a fresh start.